 Dungeon Crawl Stone Soup version 0.24-a0-157-g36218c0 (webtiles) character file.

Game seed: 13878086625800961990

1275 Dfrag the Firebug (level 8, -11/68 HPs)
             Began as a Naga Fire Elementalist on Mar 4, 2019.
             Killed from afar by Dowan (26 damage)
             ... with a shard of ice
             ... on level 6 of the Dungeon.
             The game lasted 00:09:25 (4329 turns).

Dfrag the Firebug (Naga Fire Elementalist)          Turns: 4329, Time: 00:09:26

Health: -11/68     AC:  5    Str: 10    XL:     8   Next: 53%
Magic:  1/14       EV: 11    Int: 26    God:
Gold:   258        SH:  0    Dex: 13    Spells: 3/16 levels left

rFire    + . .     SeeInvis +   t - +0 falchion
rCold    . . .     Gourm    .   (no shield)
rNeg     . . .     Faith    .   o - +1 robe {rF+}
rPois    +         Spirit   .   r - +0 helmet
rElec    .         Reflect  .   (no cloak)
rCorr    .         Harm     .   (no gloves)
MR       +....                  (no barding)
Stlth    +++.......             f - amulet of regeneration
HPRegen  0.61/turn              l - +5 ring of intelligence
MPRegen  0.14/turn              y - +4 ring of intelligence

@: short of breath, very slightly contaminated, very slow
A: large, see invisible, deformed body, poison resistance, slowness 2, slow
metabolism 1, spit poison 1, AC +2
a: Spit Poison


You were on level 6 of the Dungeon.
You were not hungry.

You visited 1 branch of the dungeon, and saw 6 of its levels.

You collected 258 gold pieces.

Inventory:

Hand Weapons
 t - a +0 falchion (weapon)
Armour
 a - a +0 robe
 o - a +1 robe of fire resistance (worn)
 r - a +0 helmet (worn)
Jewellery
 f - an amulet of regeneration (around neck)
 l - a +5 ring of intelligence (left hand)
 v - an uncursed ring of poison resistance
 y - a +4 ring of intelligence (right hand)
Scrolls
 b - a scroll of blinking {unknown}
 d - 5 scrolls of remove curse {unknown}
 j - a scroll of enchant armour {unknown}
 k - 6 scrolls of identify {unknown}
 m - 2 scrolls of noise {unknown}
 q - a scroll of random uselessness {unknown}
 u - 2 scrolls of amnesia {unknown}
 x - a scroll of acquirement {unknown}
Potions
 e - a potion of brilliance {unknown}
 g - 2 potions of curing {unknown}
 h - a potion of might {unknown}
 i - a potion of agility {unknown}
 n - a potion of experience {unknown}
 p - a potion of cancellation {unknown}
 s - a potion of invisibility
 w - a potion of degeneration {unknown}
Comestibles
 c - 6 rations
 z - 3 chunks of flesh


   Skills:
 + Level 2.6 Fighting
 + Level 2.3 Long Blades
 + Level 3.0 Dodging
 + Level 4.8 Stealth
 + Level 3.0 Unarmed Combat
 + Level 4.5 Spellcasting
 + Level 3.8 Conjurations
 + Level 5.5 Fire Magic


You had 3 spell levels left.
You knew the following spells:

 Your Spells              Type           Power        Failure   Level  Hunger
a - Flame Tongue          Conj/Fire      ####.        1%          1    None
b - Conjure Flame         Conj/Fire      ####....     3%          3    ##.....
c - Sticky Flame          Conj/Fire      ####....     12%         4    ####...
d - Fireball              Conj/Fire      ####......   32%         5    #####..

Your spell library contained the following spells:

 Spells                   Type           Power        Failure   Level  Hunger
 Throw Flame              Conj/Fire      ####..       1%          2    None
 Inner Flame              Hex/Fire       ###.....     8%          3    ##.....


Dungeon Overview and Level Annotations

Branches:
Dungeon (6/15)
 Temple: D:4-7

Altars:

Shops:
D:5 %

Annotations:
D:6 Dowan


Innate Abilities, Weirdness & Mutations

You cannot wear boots.
Your serpentine skin is tough. (AC +2)
You have supernaturally acute eyesight. (SInv)
Armour fits poorly on your strangely shaped body.
Your system is resistant to poisons. (rPois)
You cover ground very slowly.
You have a slow metabolism.
You can spit poison.


Message History

Press: ? - help, Shift-Dir - straight line, f/p - Dowan
Aim: Dowan, wielding a +0 dagger and wearing a +0 robe (heavily wounded, fast)
The splash of poison hits Dowan.
Dowan is poisoned.
Dowan is severely wounded.
You feel slightly more hungry. Dowan gestures at you while chanting.
The stone arrow hits you!
* * * LOW HITPOINT WARNING * * *
Unknown command.
Casting: Sticky Flame (safe; 12% risk of failure)
Confirm with . or Enter, or press ? or * to list all spells.
Aiming: Flame Tongue (safe; 1% risk of failure)
Press: ? - help, Shift-Dir - straight line, f/p - Dowan
Aim: Dowan, wielding a +0 dagger and wearing a +0 robe (severely wounded, fast, poisoned)
The flame tongue hits Dowan but does no damage.
Dowan is severely wounded.
Dowan breathes, "And she was my only..."
Dowan gestures at you while chanting. The shard of ice hits you!!
You die...

#. #.# ##....#.###
.. .e. #........#
## .....
#(.......#
ยง...#.######....#
#....#.# #....#
........ ##'###
....... .# #)# #e#
#@# #.# #.# #.#
#.# #.# #.# #.# ..
#.#


You could see Dowan.

Vanquished Creatures
  Sigmund (D:3)
  Duvessa (D:6)
  An ogre (D:5)
  A phantom (D:4)
  A centaur (D:4)
  Blork the orc (D:6)
  A bullfrog (D:3)
  A crimson imp (D:5)
  A bullfrog zombie (D:5)
  3 hounds
  An orc priest (D:5)
  2 jellies
  2 iguanas
  An orc wizard (D:5)
  2 worker ants
  A hound skeleton (D:4)
  A worker ant zombie (D:6)
  4 gnolls (D:5)
  5 adders
  13 oozes
  2 adder skeletons
  3 worms
  4 dart slugs
  2 leopard geckos
  8 orcs
  5 bats
  4 giant cockroaches
  5 goblins
  5 hobgoblins
  5 jackals
  12 kobolds
  2 quokkas
  3 frilled lizards
  A quokka zombie (D:5)
  6 rats
111 creatures vanquished.

Vanquished Creatures (others)
  2 fungi (D:3)
  5 toadstools (D:3)
7 creatures vanquished.

Grand Total: 118 creatures vanquished

Notes
Turn   | Place    | Note
-------+----------+-------------------------------------------
     0 | D:1      | Dfrag the Naga Fire Elementalist began the quest for the
                  | Orb.
     0 | D:1      | Reached XP level 1. HP: 15/15 MP: 3/3
   211 | D:1      | Reached XP level 2. HP: 17/22 MP: 5/5
   649 | D:2      | Reached XP level 3. HP: 28/28 MP: 6/6
  1091 | D:3      | Noticed a bullfrog
  1100 | D:3      | Killed a bullfrog
  1100 | D:3      | Reached skill level 4 in Fire Magic
  1100 | D:3      | Reached XP level 4. HP: 14/37 MP: 0/8
  1100 | D:3      | Reached XP level 5. HP: 17/43 MP: 0/9
  1105 | D:3      | Learned a level 3 spell: Conjure Flame
  1110 | D:3      | Learned a level 4 spell: Sticky Flame
  1272 | D:3      | Noticed Sigmund
  1304 | D:3      | Killed Sigmund
  1304 | D:3      | Reached skill level 1 in Fighting
  1304 | D:3      | Reached XP level 6. HP: 9/51 MP: 0/11
  1477 | D:3      | Reached skill level 1 in Unarmed Combat
  2316 | D:4      | Noticed a phantom
  2339 | D:4      | Killed a phantom
  2339 | D:4      | Reached XP level 7. HP: 37/57 MP: 3/12
  2593 | D:5      | Entered Level 5 of the Dungeon
  2649 | D:4      | Reached skill level 5 in Fire Magic
  3105 | D:5      | Reached XP level 8. HP: 58/67 MP: 6/14
  3312 | D:5      | Found Piazyafu's Food Boutique.
  3485 | D:4      | Learned a level 5 spell: Fireball
  4036 | D:6      | Noticed Blork the orc
  4043 | D:6      | Killed Blork the orc
  4043 | D:6      | Reached skill level 1 in Long Blades
  4287 | D:6      | Noticed Dowan
  4288 | D:6      | Noticed Duvessa
  4321 | D:6      | Killed Duvessa
  4329 | D:6      | Killed from afar by Dowan

Levels and vault maps discovered:
D:1:      minmay_arrival_stone_box, layout_loops_ring
D:2:      layout_rooms
D:3:      cheibrodos_fertilizer, layout_basic, first_ration, minmay_box_of_dots,
          uniq_sigmund
D:4:      layout_basic
D:5:      layout_basic, serial_shops, shop, lightli_minifort
D:6:      layout_basic, mrwooster_statue_mirror, uniq_duvessa,
          uniq_blork_the_orc

Skill      XL: |  1  2  3  4  5  6  7  8 |
---------------+-------------------------+-----
Dodging        | 2 3 |  3.0
Fire Magic     | 4 5 |  5.5
Fighting       | 1 2 |  2.6
Stealth        | 4 |  4.8
Spellcasting   | 3 4 |  4.5
Conjurations   | 2 3 |  3.8
Unarmed Combat | 1 3 |  3.0
Long Blades    | 2 |  2.3

Action                   |  1- 3 |  4- 6 |  7- 9 || total
-------------------------+-------+-------+-------++-------
Melee: Unarmed           |    25 |    49 |     4 ||    78
       Falchion          |       |       |   194 ||   194
 Cast: Flame Tongue      |    45 |    50 |    49 ||   144
       Sticky Flame      |       |     3 |    14 ||    17
 Abil: Spit Poison       |    21 |    14 |    15 ||    50
 Stab: Sleeping          |       |       |     1 ||     1
  Eat: Chunk             |     2 |     4 |     7 ||    13
       Ration            |       |       |     1 ||     1
Armor: Robe              |     8 |    12 |    77 ||    97
Dodge: Dodged            |    37 |    39 |   131 ||   207
       Rpst.: Falchion   |       |       |    39 ||    39

Table legend:
 A = Non-vault XP
 B = Vault XP
 C = Vault XP percentage of total XP
 D = Non-vault monster count
 E = Vault monster count
 F = Vault count percentage of total count
                 A         B        C        D         E       F
            +---------+---------+-------+---------+---------+-------
      Total |    1169 |     653 |  35.8 |      83 |      28 |  25.2
            +---------+---------+-------+---------+---------+-------
        D:1 |      32 |       0 |   0.0 |      18 |       0 |   0.0
        D:2 |      48 |       0 |   0.0 |      16 |       0 |   0.0
        D:3 |     150 |     358 |  70.5 |      12 |      22 |  64.7
        D:4 |     303 |       0 |   0.0 |      10 |       0 |   0.0
        D:5 |     458 |      57 |  11.1 |      20 |       4 |  16.7
        D:6 |     178 |     238 |  57.2 |       7 |       2 |  22.2
            +---------+---------+-------+---------+---------+-------
